 Dungeon Crawl Stone Soup version 0.28-a0-1518-gbe868bca14 (webtiles) character file.

Game seed: 11447220948566590699

8 knot the Chopper (level 2, 24/24 HPs)
             Began as a Demonspawn Berserker on Jan 16, 2022.
             Was a Follower of Trog.
             Quit the game on level 1 of the Dungeon.
             The game lasted 00:00:24 (508 turns).

knot the Chopper (Demonspawn Berserker)              Turns: 508, Time: 00:00:24

Health: 24/24      AC:  8    Str: 17    XL:     2   Next: 0%
Magic:  2/2        EV: 11    Int:  8    God:    Trog [*.....]
Gold:   19         SH:  0    Dex: 12    Spells: 1/1 levels left

rFire   . . .      SeeInvis .   a - +0 hand axe
rCold   . . .      Faith    .   (no shield)
rNeg    . . .      Spirit   .   d - +0 ring mail
rPois   .          Reflect  .   (no helmet)
rElec   .          Harm     .   (no cloak)
rCorr   .          Rampage  .   b - +0 pair of gloves
Will    .....                   (no boots)
Stlth   +.........              (no amulet)
HPRegen 0.08/turn               (no ring)
MPRegen 0.08/turn               (no ring)

@: no status effects
A: icy blue scales 1
a: Renounce Religion, Berserk


You were on level 1 of the Dungeon.
You worshipped Trog.
Trog was aware of your devotion.
You visited 1 branch of the dungeon, and saw 1 of its levels.

You collected 19 gold pieces.

Inventory:

Hand Weapons
 a - a +0 hand axe (weapon)
Armour
 b - a +0 pair of gloves (worn)
 d - a +0 ring mail (worn)
Scrolls
 c - a scroll of teleportation {unknown}
 e - a scroll of identify {unknown}


   Skills:
 - Level 3.0 Fighting
 + Level 3.2 Axes
 - Level 1.7 Armour
 - Level 1.7 Dodging


You had one spell level left.
You didn't know any spells.
Your spell library was empty.

Dungeon Overview and Level Annotations

Branches:
Dungeon (1/15)

Altars:


Innate Abilities, Weirdness & Mutations

You are partially covered in icy blue scales. (AC +2)


Message History

Trog accepts your kill.
No target in view!
You see here a +0 ring mail.
d - a +0 ring mail You start removing your armour.
You continue taking off your +0 animal skin. x4
You finish taking off your +0 animal skin.
You start putting on your armour.
You continue putting on your +0 ring mail. x5
You finish putting on your +0 ring mail.
You drop a +0 animal skin.
You see here a +0 pair of gloves.
b - a +0 pair of gloves You start putting on your armour.
You continue putting on your +0 pair of gloves. x4
You finish putting on your +0 pair of gloves.
e - a scroll labelled YNETWOIZYE A goblin comes into view.
It is wielding a +0 club.
The goblin shouts!
A goblin is nearby!
You slash the goblin!
You kill the goblin!
Trog accepts your kill.
No target in view!
No target in view!
No target in view!
Things that are here:
a +0 club; a goblin corpse Key pressed, stopping explore.
No target in view!
A rat comes into view.
The rat closely misses you.
You hit the rat but do no damage. The rat barely misses you.
You hit the rat.
You kill the rat!
Trog accepts your kill.
You have reached level 2!
Your demonic ancestry asserts itself...
Icy blue scales grow over part of your body.
Are you sure you want to abandon this character and quit the game? (Confirm with "yes".)

..(.........# #.#.#####.####.#
............######.#.##.........#
................##÷#.....#..###.#
................##.#........# #.#
.#########.........÷...###..# #.#
.# #..................# #.# .#
###.###.#.###.###..# #.# ## ...#
#.#.###.###.####.# .....#
#@#............... ##
......###†#####..#######.# .#
...... ..................# .#
.... ##.######...####... .#
.....#........#.## .#
#.##.#.#.######.# .#
#.##.>........#.# .#
#.##.#.#.>###.#.# .#
#.#.#..)...#.#


There were no monsters in sight!

Vanquished Creatures
  2 ball pythons (D:1)
  2 goblins (D:1)
  A quokka (D:1)
  A bat (D:1)
  A frilled lizard (D:1)
  A rat (D:1)
8 creatures vanquished.

Notes
Turn   | Place    | Note
-------+----------+-------------------------------------------
     0 | D:1      | knot the Demonspawn Berserker began the quest for the Orb.
     0 | D:1      | Reached XP level 1. HP: 18/18 MP: 1/1
   508 | D:1      | Gained mutation: You are partially covered in icy blue
                  | scales. (AC +2) [demonic ancestry]
   508 | D:1      | Reached XP level 2. HP: 24/24 MP: 2/2
   508 | D:1      | Quit the game

Illustrated notes

Levels and vault maps discovered:
D:1:      heliophobic_arrival_ceremonial_halls, layout_basic

Skill      XL: |  1 |
---------------+----+-----
Axes           | 3 |  3.2
Fighting       | |  3.0
Armour         | |  1.7
Dodging        | |  1.7

Action                   || total
-------------------------++-------
Melee: Hand axe          ||    17
Armor: Animal skin       ||     9
Dodge: Dodged            ||    17

Table legend: (Time is in decaauts)
 A = Elapsed time spent in this place.
 B = Non-inter-level travel time spent in this place.
 C = Inter-level travel time spent in this place.
 D = Time resting spent in this place.
 E = Time spent auto-exploring this place.
 F = Levels seen in this place.
 G = Mean time per level.
                   A        B        C        D        E       F      G
               +--------+--------+--------+--------+--------+-----+--------+
         Total |    510 |    510 |      0 |    233 |    199 |   1 |  510.0 |
       Dungeon |    510 |    510 |      0 |    233 |    199 |   1 |  510.0 |
               +--------+--------+--------+--------+--------+-----+--------+

Top non-repeatable levels by time:
     D:1: 510 daAuts
